 Dungeon Crawl Stone Soup version 0.28.0-47-ge53b351184 (webtiles) character file.

Game seed: 14250718109023805638

65 CryoSword the Firebug (level 3, -1/24 HPs)
             Began as a Demonspawn Fire Elementalist on Apr 26, 2022.
             Was an Initiate of Fedhas.
             Slain by a quokka (4 damage)
             ... on level 3 of the Dungeon.
             The game lasted 00:02:18 (1978 turns).

CryoSword the Firebug (DsFE)                        Turns: 1978, Time: 00:02:19

Health: -1/24      AC:  4    Str: 10    XL:     3   Next: 92%
Magic:  5/6        EV: 12    Int: 16    God:    Fedhas [......]
Gold:   35         SH:  0    Dex: 13    Spells: 3/6 levels left

rFire   . . .      SeeInvis .     - Unarmed
rCold   . . .      Faith    .   (no shield)
rNeg    . . .      Spirit   .   a - +0 robe
rPois   .          Reflect  .   b - +2 hat
rElec   .          Harm     .   (no cloak)
rCorr   .          Rampage  .   (no gloves)
Will    .....                   (no boots)
Stlth   ++........              (no amulet)
HPRegen 0.08/turn               (no ring)
MPRegen 0.10/turn               (no ring)

@: no status effects
A: claws 1
a: Renounce Religion


You were on level 3 of the Dungeon.
You worshipped Fedhas.
Fedhas was noncommittal.
You visited 1 branch of the dungeon, and saw 3 of its levels.

You collected 35 gold pieces.

Inventory:

Armour
 a - a +0 robe (worn)
 b - a +2 hat (worn)
   (You found it on level 1 of the Dungeon)
Scrolls
 d - 2 scrolls of enchant weapon {unknown}
 e - a scroll of fear {unknown}
 f - a scroll of teleportation {unknown}
 h - 2 scrolls of identify {unknown}
Potions
 c - a potion of curing {unknown}
 g - a potion of heal wounds {unknown}
 i - a potion of haste {unknown}
 j - a potion of cancellation {unknown}


   Skills:
 - Level 1.7 Dodging
 - Level 1.7 Stealth
 + Level 1.1 Unarmed Combat
 - Level 2.0 Spellcasting
 + Level 2.3 Conjurations
 * Level 3.6 Fire Magic


You had 3 spell levels left.
You knew the following spells:

 Your Spells              Type           Power      Damage    Failure   Level
a - Foxfire               Conj/Fire      44%        2x1d6     6%          1
b - Scorch                Fire           26%        2d6       7%          2

Your spell library contained the following spells:

 Spells                   Type           Power      Damage    Failure   Level
 Conjure Flame            Conj/Fire      11%        6-21      19%         3
 Inner Flame              Hex/Fire       7%         N/A       30%         3
 Flame Wave               Conj/Fire      11%        2d5       52%         4


Dungeon Overview and Level Annotations

Branches:
Dungeon (3/15)

Altars:
Fedhas

Shops:
D:1 =   D:2 [


Innate Abilities, Weirdness & Mutations

You have sharp fingernails.


Message History

A frilled lizard is nearby!
A frilled lizard is nearby!
Found a stone staircase leading down.
Flames lash the frilled lizard.
You kill the frilled lizard!
You conjure some foxfire!
A ball python comes into view.
A ball python is nearby!
A ball python is nearby!
A ball python is nearby!
Found a chain mail.
The foxfire hits the ball python.
An endoplasm comes into view.
You scratch the ball python.
You kill the ball python!
You conjure some foxfire!
Nothing appears to happen.
The foxfire hits the endoplasm.
You kill the endoplasm!
You now have 27 gold pieces (gained 14).
An adder comes into view.
Found a runed short sword.
An adder is nearby!
An adder is nearby!
An adder is nearby!
An adder is nearby!
You conjure some foxfire!
Flames lash the adder.
You kill the adder!
Found a stone staircase leading up.
An endoplasm comes into view.
The endoplasm quivers.
An endoplasm is nearby!
An endoplasm is nearby!
An endoplasm is nearby!
Flames lash the endoplasm.
The endoplasm's fire resistance burns away.
You conjure some foxfire!
An endoplasm is nearby!
You conjure some foxfire!
The foxfire hits the endoplasm.
The endoplasm is burned terribly!
You kill the endoplasm!
j - a bubbling ruby potion
There is a stone staircase leading up here.
Found a stone staircase leading down.
Found Siust's Antique Armour Boutique.
Found an escape hatch in the ceiling.
A rat comes into view.
You conjure some foxfire!
Flames lash the rat.
You kill the rat!
There is an entrance to Siust's Antique Armour Boutique here.
Found a stone staircase leading down.
Found a blossoming altar of Fedhas.
Found a trident.
A ball python comes into view.
Found 8 gold pieces.
A ball python is nearby!
The ball python hisses angrily.
A giant cockroach comes into view.
The giant cockroach moves out of view.
Found 17 sling bullets.
You conjure some foxfire!
The ball python closely misses you. The ball python grabs you.
The ball python constricts you.
You scratch the ball python.
The foxfire hits the ball python.
You kill the ball python!
The foxfire hits the giant cockroach.
The giant cockroach bites you but does no damage. x2
You scratch the giant cockroach but do no damage.
The giant cockroach barely misses you.
You scratch the giant cockroach but do no damage.
The giant cockroach bites you.
You conjure some foxfire!
The giant cockroach completely misses you.
Flames lash the giant cockroach.
You kill the giant cockroach!
You now have 35 gold pieces (gained 8).
There is a stone staircase leading up here.
Key pressed, stopping explore.
You see here a +0 chain mail.
A ball python comes into view.
A ball python is nearby!
A ball python is nearby!
A ball python is nearby!
The ball python hisses angrily.
You scratch the ball python.
You kill the ball python!
No target in view!
A goblin comes into view. It is wielding a +0 dagger.
The goblin moves out of view.
Found an escape hatch in the floor.
A goblin is nearby!
A goblin is nearby!
You conjure some foxfire!
The goblin shouts!
Nothing appears to happen.
The foxfire hits the goblin. x2
You kill the goblin!
No target in view!
No target in view!
Things that are here:
a +0 dagger; a goblin corpse
There is a blossoming altar of Fedhas here.
Done exploring.
Done exploring.
Done exploring.
Done exploring.
You kneel at the altar of Fedhas.
Fedhas welcomes you!
The plants of the dungeon cease their hostilities.
There is an escape hatch in the ceiling here.
There is a stone staircase leading down here.
You climb downwards.
There is a stone staircase leading up here.
An orc comes into view. It is wielding a +0 trident.
An orc is nearby!
An orc is nearby!
A quokka comes into view.
The orc shouts!
The orc hits you but does no damage.
You scratch the orc. The quokka barely misses you.
The orc hits you with a +0 trident!
You miscast Foxfire.
You are very lightly contaminated with residual magic.
Nothing appears to happen.
The quokka bites you. The orc hits you with a +0 trident.
* * * LOW HITPOINT WARNING * * *
The orc closely misses you. The quokka closely misses you.
The quokka bites you but does no damage.
Your magical contamination has completely faded away.
There is a stone staircase leading up here.
You can't go up here!
Flames lash the quokka but do no damage.
The quokka bites you but does no damage.
The orc barely misses you.
Found a rapier.
The quokka bites you but does no damage.
The orc misses you.
The orc hits you from afar with a +0 trident.
* * * LOW HITPOINT WARNING * * *
The quokka barely misses you.
The quokka bites you but does no damage.
The orc barely misses you. The quokka misses you. The quokka bites you.
* * * LOW HITPOINT WARNING * * *
The orc hits you from afar with a +0 trident.
* * * LOW HITPOINT WARNING * * *
The quokka bites you.
You die...
Fedhas appreciates your contribution to the ecosystem.

#.##...........# .#
##............##### .#
..................# .#
####.#.#.........# .#
#.#.........# .#
#.#.........# .#
#....o......#####.##
###)...............#
#...r@....####.......#
#........<# #...#####
#.........# ##.##
#####.##### .# #.# .#
#.# .# #.# .# #.. ##


You could see an orc and a quokka.

Vanquished Creatures
  A gnoll (D:1)
  2 adders (D:2)
  6 bats (D:1)
  5 endoplasms
  2 giant cockroaches (D:2)
  5 goblins
  2 hobgoblins
  2 kobolds (D:1)
  5 ball pythons
  A frilled lizard (D:2)
  4 rats
35 creatures vanquished.

Vanquished Creatures (others)
  79 foxfires
79 creatures vanquished.

Grand Total: 114 creatures vanquished

Notes
Turn   | Place    | Note
-------+----------+-------------------------------------------
     0 | D:1      | CryoSword the Demonspawn Fire Elementalist began the quest
                  | for the Orb.
     0 | D:1      | Reached XP level 1. HP: 13/13 MP: 3/3
   102 | D:1      | Reached skill level 3 in Fire Magic
   102 | D:1      | Gained mutation: You have sharp fingernails. [demonic
                  | ancestry]
   102 | D:1      | Reached XP level 2. HP: 19/19 MP: 0/5
   380 | D:1      | Found Vafyfa's Jewellery Boutique.
   743 | D:1      | Reached XP level 3. HP: 23/24 MP: 0/6
  1076 | D:1      | Learned a level 2 spell: Scorch
  1217 | D:2      | Reached skill level 1 in Unarmed Combat
  1283 | D:2      | Found a faded altar of an unknown god.
  1518 | D:2      | Found Siust's Antique Armour Boutique.
  1585 | D:2      | Found a blossoming altar of Fedhas.
  1912 | D:2      | Became a worshipper of Fedhas Madash
  1978 | D:3      | Slain by a quokka

Illustrated notes

Levels and vault maps discovered:
D:1:      minmay_arrival_arboretum_small, layout_basic, serial_shops,
          nicolae_shop_advertising_works [nicolae_subvault_shop_adworks]
D:2:      layout_rooms, serial_shops, nicolae_shop_statue_plus,
          ebering_ecumenical_altar_abandoned, basic_altar,
          minmay_tree_intersection
D:3:      layout_loops_ring, mainiacjoe_overflow_concentric_impassable,
          mainiacjoe_overflow_chevrons

Skill      XL: |  1  2  3 |
---------------+----------+-----
Fire Magic     | 3 |  3.6
Conjurations   | 2 |  2.3
Unarmed Combat | 1 |  1.1
Dodging        | |  1.7
Stealth        | |  1.7
Spellcasting   | |  2.0

Action                   || total
-------------------------++-------
Melee: Unarmed           ||    15
 Cast: Foxfire           ||    45
       Scorch            ||    12
 Stab: Sleeping          ||     1
Armor: Robe              ||    10
Dodge: Dodged            ||    21
